[Event "US Masters 2022"]
[Site "Charlotte"]
[Date "2022.11.26"]
[Round "6.22"]
[White "Bora, Safal"]
[Black "Zhao, Erick"]
[Result "1-0"]
[ECO "D85"]
[WhiteElo "2446"]
[BlackElo "2243"]
[Annotator "TA"]
[PlyCount "117"]
[EventDate "2022.11.23"]
[EventType "swiss"]
[EventCountry "USA"]
[SourceTitle "playchess.com"]
[Source "ChessBase"]
[SourceQuality "1"]
[TimeControl "5400+30"]

1. d4 Nf6 2. c4 g6 3. Nc3 d5 4. cxd5 Nxd5 5. Na4 Bg7 6. e4 Nb6 7. Be3 O-O 8. Nf3 Bg4 9. Be2 {[%emt 0:00:16] D85: Exchange Grünfeld: Unusual White 7th moves and lines with 7 Nf3.} (9. Nc5 $5 ) 9... Nc6 10. d5 Ne5 11. Nxe5 {[%emt 0:01:03] The position is equal.} Bxe2 12. Qxe2 Nxa4 13. f4 c6 {[%emt 0:05:01] [#]} (13... e6 $5 ) 14. Rd1 $146 (14. b3 $5 f6 15. Ng4 $14) ({Predecessor:} 14. b3 Nb6 15. dxc6 Bxe5 16. fxe5 bxc6 17. O-O Qc8 18. Bh6 Rd8 19. Rf3 Qg4 20. Raf1 {½-½ (36) Abasov,N (2556)-Vachier Lagrave,M (2785) Chess.com INT 2016}) 14... Qc7 15. O-O cxd5 16. Rxd5 Nb6 17. Rc5 Qd6 18. Rfc1 Qe6 19. b3 Rac8 20. Qb5 (20. Rxc8 {simplifies} Rxc8 21. Rxc8+ Qxc8 22. Nf3) 20... Rxc5 21. Qxc5 Rc8 (21... f5 {feels hotter.} 22. exf5 Rxf5 23. Qc7 Bxe5 24. fxe5 Nd5) 22. Qd4 Rxc1+ 23. Bxc1 Bxe5 24. fxe5 $11 {[%emt 0:00:41][%mdl 4096] Endgame KQB-KQN} h5 25. Be3 Kh7 (25... Nd7 $5 ) 26. h3 Nd7 27. Qxa7 Qxe5 28. Qd4 Qe6 29. Bg5 f6 30. Be3 Kg7 31. Qb4 Ne5 32. Qxb7 Nc6 33. b4 ({White should play} 33. a4 $16) 33... Qxe4 34. Bf2 {[%emt 0:00:09] [#] Black must now prevent b5.} Qb1+ (34... Qxb4 35. Qxc6 Qb1+ 36. Kh2 Qxa2 37. Bg3 $16) 35. Kh2 Qxa2 (35... Nxb4 $2 36. Qxe7+ Kg8 37. Qe8+ Kg7 38. Bc5 $18) 36. Bg3 Qe6 37. b5 (37. Bf2 {simplifies} Nd8 38. Qc7 Qd6+ 39. Qxd6 exd6 40. Kg3) 37... Nd4 38. b6 Ne2 39. Bf2 {[%emt 0:03:12] [#] Prevents Qe3. Threatens to win with Qc7.} Qe5+ 40. Kh1 {[%emt 0:04:17] Qc7 is the strong threat.} Qa1+ 41. Kh2 Qe5+ 42. Kh1 $1 {[%emt 0:03:04] And now Qc7 would win.} h4 43. Qc7 {[%emt 0:00:59] Hoping for Qxe5.} (43. Bxh4 $2 Qa1+) 43... Qe4 {[%emt 0:00:01] aiming for ...Nf4.} 44. Bc5 (44. b7 $2 Nf4 $19) 44... Qb1+ $2 {[%emt 0:02:53][%mdl 8192] White now steadily converts the win.} (44... Ng3+ $11 45. Kh2 Nf1+ 46. Kg1 Qb1 47. Qxe7+ Kh6) 45. Kh2 $18 Ng3 46. Qxe7+ (46. Bxe7 $2 Qh1#) 46... Kh6 47. Be3+ (47. Qxf6 $2 Qh1#) 47... g5 48. Qxf6+ Kh7 49. Qf7+ (49. Qxg5 $2 Qh1#) 49... Kh6 50. Qf6+ Kh7 $1 51. Qe7+ (51. Qxg5 $2 Qh1#) 51... Kg8 52. Qxg5+ Kf7 53. Qd5+ (53. Qxh4 Nf1+ 54. Kg1 Nxe3+ 55. Kh2 Qxb6 $11) 53... Kg7 54. Qg5+ (54. Bd4+ $142 Kf8 55. Qd8+ Kf7 56. Qd7+ Kg6 57. Qg7+ Kh5 58. Qf7+ Qg6 59. Qf3+ Kh6 60. Qf8+ Kh5 61. b7) 54... Kf7 55. Qd5+ ({Worse is} 55. Qxh4 Nf1+ 56. Kg1 Nxe3+ 57. Kh2 Qxb6 $11) (55. Qf4+ $18 Kg6 56. Qd6+ (56. Qxh4 Nf1+ 57. Kh1 Nxe3+ 58. Kh2 Qxb6 $11) 56... Kf7 57. Qd5+ Kg6 58. Qe6+ Kg7 59. Qe7+ Kg6 60. Qe6+ (60. Qxh4 Nf1+ 61. Kh1 Nxe3+ 62. Kh2 Qxb6 $11) 60... Kg7 61. Qe7+ Kg6 62. Qe8+ (62. Qxh4 Nf1+ 63. Kh1 Nxe3+ 64. Kh2 Qxb6 $11) 62... Kf5 63. Qf7+ Ke5 64. Bf4+ Ke4 65. Qc4+ Kf5 66. Bc1) 55... Kg7 56. Bd4+ {[%emt 0:01:42] White mates.} Kf8 57. Qd8+ Kf7 58. Qd7+ Kg6 59. Qe6+ {[%emt 0:00:22] Weighted Error Value: White=0.68/Black=0.19 (very precise)} 1-0

[Event "US Masters 2022"]
[Site "Charlotte"]
[Date "2022.11.26"]
[Round "6.23"]
[White "Jacobson, Aaron"]
[Black "Mardov, Dimitar"]
[Result "0-1"]
[ECO "B43"]
[WhiteElo "2351"]
[BlackElo "2432"]
[Annotator "TA"]
[PlyCount "108"]
[EventDate "2022.11.23"]
[EventType "swiss"]
[EventCountry "USA"]
[SourceTitle "playchess.com"]
[Source "ChessBase"]
[SourceQuality "1"]
[TimeControl "5400+30"]

1. e4 c5 2. Nf3 e6 3. d4 cxd4 4. Nxd4 a6 5. Nc3 Qc7 6. Qg4 {[%emt 0:00:56] B43: Sicilian: Kan Variation: 5 Nc3.} Nf6 7. Qg3 Qxg3 8. hxg3 {[%emt 0:00:12] White is slightly better.} (8. fxg3 Bb4 $11) 8... Bb4 9. Bd3 d6 10. Bd2 {[%emt 0:01:32] [#]} e5 $146 {[%emt 0:11:31] Prevents f3.} ({Predecessor:} 10... Nbd7 11. f3 Ne5 12. g4 O-O 13. Nb3 d5 14. exd5 Nxd3+ 15. cxd3 Rd8 16. O-O-O a5 {½-½ (31) Milov,L (2455)-Van Wely,L (2661) Sanem 2017}) 11. Nb3 Be6 12. f3 Nc6 13. g4 Nd7 14. g5 f6 15. gxf6 (15. Nd5 $5 Bxd2+ 16. Nxd2 $14 (16. Kxd2 Bxd5 17. exd5 Ne7 $11)) 15... Nxf6 16. Nd1 Bxd2+ 17. Kxd2 a5 18. Ne3 a4 19. Nc1 Kf7 20. Ne2 h6 21. Nc3 Nb4 22. a3 Nxd3 23. cxd3 Nd7 24. Nc2 h5 25. d4 {[%emt 0:01:13] [#] aiming for d5.} Nb6 26. d5 Nc4+ 27. Ke2 Bd7 28. Ne3 Na5 29. Kd3 Ke7 30. Nc4 Nb3 31. Raf1 g5 32. Nb6 {[%emt 0:00:45] Against b5. Pair of Knights!} Ra6 33. Nxd7 Kxd7 34. Na2 Nc5+ 35. Ke3 Rb6 36. Nb4 Na6 37. Nd3 Rb3 {[%emt 0:00:33] Strongly threatening ...Nc5.} 38. Kd2 (38. Rc1 $1 $11 {was the only way to keep the balance.}) 38... Nc5 $17 39. Nxc5+ dxc5 {[%emt 0:00:03][%mdl 4096] Endgame KRR-KRR} 40. Kc2 Kd6 41. Kb1 b5 {[%emt 0:02:28] Black is more active.} 42. Rc1 Rd3 43. Rc3 Rd4 44. Rhc1 Rc8 (44... c4 $17) 45. Rh1 $15 h4 46. Rc2 ({White should play} 46. g3 $15) 46... Rh8 $17 47. Re2 Rd3 48. Kc2 Rb3 49. Kb1 c4 50. Rh3 $2 {[%emt 0:00:30] Now White is beyond hope.} (50. Rg1 $17) 50... Rb8 {[%emt 0:00:48] And now ...b4 would win.} 51. Rc2 {[%emt 0:00:21] [#]} b4 $1 52. axb4 (52. Rxc4 bxa3 53. Rxa4 (53. Rc6+ $2 Kd7 $19)) 52... R8xb4 $19 ({Inferior is} 52... R3xb4 53. Ka2 $17) 53. Ka2 {[%emt 0:00:14] Prevents a3.} (53. Kc1 c3 54. Rxc3 Rxb2 55. Rc6+ Kd7 56. Rc2 Rxc2+ 57. Kxc2) 53... a3 54. Rxc4 axb2 {[%emt 0:00:29] Weighted Error Value: White=0.45/Black=0.10 (very precise)} (54... Rxb2+ $2 {perishes.} 55. Kxa3 R4b3+ 56. Ka4 $19) 0-1

[Event "US Masters 2022"]
[Site "Charlotte"]
[Date "2022.11.26"]
[Round "6.24"]
[White "Tsolakidou, Stavroula"]
[Black "Canty, James"]
[Result "1/2-1/2"]
[ECO "C10"]
[WhiteElo "2381"]
[BlackElo "2158"]
[Annotator "TA"]
[PlyCount "36"]
[EventDate "2022.11.23"]
[EventType "swiss"]
[EventCountry "USA"]
[SourceTitle "playchess.com"]
[Source "ChessBase"]
[SourceQuality "1"]
[TimeControl "5400+30"]

1. e4 e6 2. d4 d5 3. Nc3 Be7 4. Bf4 Nf6 5. e5 Nfd7 $1 6. h4 {[%emt 0:00:31] [#] C10: French with 3 Nc3: Unusual Black 3rd moves and 3...dxe4.} h5 $146 ({Predecessor:} 6... c5 7. dxc5 Nc6 8. Qg4 Ndxe5 9. Qxg7 Bf6 10. Qg3 Qa5 11. Bb5 Bd7 12. O-O-O O-O-O {0-1 (33) Oberoi,S (2259)-Canty,J (2175) Charlotte 2022}) 7. Nf3 c5 8. Nb5 {[%emt 0:09:02] White has an edge.} a6 9. Nd6+ Bxd6 10. exd6 cxd4 11. Qxd4 Qf6 {[%emt 0:00:51] [#] aiming for ...Qxd4.} 12. O-O-O {[%emt 0:09:31] Qe3 is the strong threat.} Qxd4 13. Rxd4 (13. Nxd4 $14 Nc6 14. Nxc6 bxc6 15. c4) 13... Nc6 14. Rd1 b5 15. c3 Nc5 $1 16. Be2 Ne4 {[%emt 0:03:00] Pair of Knights!} 17. Rhf1 Kd7 18. Ng5 Nxg5 {[%emt 0:00:19] Weighted Error Value: White=0.12 (very precise) /Black=0.09 (flawless)} 1/2-1/2

[Event "US Masters 2022"]
[Site "Charlotte"]
[Date "2022.11.27"]
[Round "7.1"]
[White "Liang, Awonder"]
[Black "Ramirez, Alejandro"]
[Result "0-1"]
[ECO "C10"]
[WhiteElo "2630"]
[BlackElo "2561"]
[Annotator "TA"]
[PlyCount "74"]
[EventDate "2022.11.23"]
[EventType "swiss"]
[EventCountry "USA"]
[SourceTitle "playchess.com"]
[Source "ChessBase"]
[SourceQuality "1"]
[TimeControl "5400+30"]

1. e4 e6 2. d4 d5 3. Nc3 dxe4 4. Nxe4 Bd7 5. Nf3 Bc6 6. Bd3 Nd7 7. O-O Ngf6 8. Ng3 g6 {[%emt 0:00:02] C10: French with 3 Nc3: Unusual Black 3rd moves and 3...dxe4.} 9. Re1 Bg7 10. c3 O-O {[%emt 0:00:32] White has an edge.} 11. h4 {[%emt 0:01:27][%cal Oh4h5] [#]} Bd5 $146 {[%emt 0:06:39] Prevents h5.} ({Predecessor:} 11... h6 12. Bc2 Re8 13. Qd3 Bxf3 14. Qxf3 c6 15. Bd2 a5 16. Rad1 Qb6 17. b3 Rad8 {½-½ (76) Jorge,R (1870)-Kryger,O (2137) Batumi 2018}) 12. b4 a5 {[%emt 0:01:23] Prevents h5.} 13. b5 c5 {[%emt 0:01:52] Inhibits h5.} 14. Ne5 c4 15. Bc2 (15. Bxc4 Nxe5 16. Bxd5 Nxd5 $15) 15... Nxe5 16. dxe5 Nd7 $1 17. Qd4 f6 $36 {[%emt 0:05:13][%cal Rd7e5,Bf7f6,Bf6f5,Bf5f4][%mdl 2080] Black has good play.} 18. h5 Nxe5 19. Nf1 $2 {[%emt 0:08:10] [#]} ({White should try} 19. hxg6 $1 $15 hxg6 20. Rxe5 fxe5 21. Qg4) 19... Nd3 $1 $19 (19... gxh5 20. Ba3 $17) 20. Bxd3 {[%emt 0:00:57] [#]} f5 $1 ({Not} 20... cxd3 21. Qxd3 f5 22. hxg6 $15) 21. Qe3 (21. Qf4 $142 cxd3 22. hxg6) 21... f4 ({Worse is} 21... cxd3 22. Qxd3 Qh4 23. hxg6 $19) 22. Qh3 {[%emt 0:00:54][%cal Oh5g6] Black must now prevent hxg6!} cxd3 23. hxg6 hxg6 (23... Bxc3 $2 24. Qxh7#) 24. Rxe6 Bxe6 25. Qxe6+ Rf7 26. Qxg6 Qd7 ({But not} 26... Qf6 $2 27. Qxd3 Rd8 28. Qe2) 27. Bd2 Qxb5 28. Re1 Qf5 29. Qd6 Ra6 30. Qb8+ Kh7 31. Nh2 $2 (31. Qe8 Rg6 32. Qe4) 31... Rh6 {[%emt 0:01:22] Threatens to win with ...Rg6. Black is clearly winning.} 32. Qd8 Bf8 {[%emt 0:18:21] ...Rg7 is the strong threat.} 33. Qd4 Bc5 34. Qe5 Qxe5 35. Rxe5 {[%emt 0:00:01] [#]} Bxf2+ 36. Kxf2 {[%emt 0:00:03] aiming for Nf3.} Rxh2 37. Kg1 {[%emt 0:00:07] [#] Prevents f3.} f3 $1 {[%emt 0:00:44] White did not feel at home in the position after the opening.   Weighted Error Value: White=0.68/Black=0.25 (precise)} 0-1

[Event "US Masters 2022"]
[Site "Charlotte"]
[Date "2022.11.27"]
[Round "7.2"]
[White "Naroditsky, Daniel"]
[Black "Macieja, Bartlomiej"]
[Result "1/2-1/2"]
[ECO "B12"]
[WhiteElo "2617"]
[BlackElo "2514"]
[Annotator "TA"]
[PlyCount "35"]
[EventDate "2022.11.23"]
[EventType "swiss"]
[EventCountry "USA"]
[SourceTitle "playchess.com"]
[Source "ChessBase"]
[SourceQuality "1"]
[TimeControl "5400+30"]

1. e4 c6 2. d4 d5 3. e5 Bf5 4. Nd2 e6 5. Nb3 c5 6. dxc5 {[%emt 0:00:34] B12: Caro-Kann: Advance Variation.} Bxc5 {[%emt 0:00:06][%mdl 64] [#]} 7. Nxc5 Qa5+ 8. c3 Qxc5 9. Be3 Qc7 10. f4 Ne7 11. Nf3 Nbc6 12. Be2 O-O 13. O-O h6 {[%emt 0:00:07] [#]} 14. Qd2 $5 $146 {[%emt 0:02:39][%mdl 8] New and interesting.} ({Predecessor:} 14. Kh1 Be4 15. Nd2 Bh7 16. Nb3 Na5 17. Bc5 Rfe8 18. Bd6 Qb6 19. Nxa5 Qxa5 20. b4 {0-1 (61) Navara,D (2724)-Yuffa,D (2577) Khanty-Mansiysk 2019}) 14... Rac8 15. b3 Rfd8 16. Rac1 Rd7 17. h3 Be4 18. Bf2 {[%emt 0:01:48] Weighted Error Value: White=0.04 (flawless) /Black=0.06 (flawless)} 1/2-1/2

[Event "US Masters 2022"]
[Site "Charlotte"]
[Date "2022.11.27"]
[Round "7.3"]
[White "Rahul Srivatshav P"]
[Black "Oparin, Grigoriy"]
[Result "1/2-1/2"]
[ECO "D36"]
[WhiteElo "2498"]
[BlackElo "2683"]
[Annotator "TA"]
[PlyCount "68"]
[EventDate "2022.11.23"]
[EventType "swiss"]
[EventCountry "USA"]
[SourceTitle "playchess.com"]
[Source "ChessBase"]
[SourceQuality "1"]
[TimeControl "5400+30"]

1. d4 Nf6 2. c4 e6 3. Nc3 d5 4. cxd5 exd5 5. Bg5 c6 6. e3 h6 7. Bh4 Be7 8. Bd3 O-O 9. Nf3 Re8 10. O-O Nbd7 11. Qc2 Ne4 12. Bxe7 Qxe7 13. a4 {[%emt 0:01:25] [#] 13.b4 is the modern continuation. D36: Queen's Gambit Declined: Exchange Variation: Main line (5 Bg5 c6 6 Qc2).} Ng5 $146 ({Predecessor:} 13... a5 14. Rfe1 Ndf6 15. Bxe4 dxe4 16. Ne5 Bf5 17. f3 Nd5 18. Nxe4 f6 19. Nc4 Bxe4 20. fxe4 Qxe4 {1-0 (39) Tham,M (1844)-Gallasch,R (2067) Playchess.com INT 2020}) 14. Nd2 Nf6 15. Rae1 Bd7 16. f4 Ne6 17. Nf3 c5 18. Qf2 cxd4 19. exd4 Qb4 20. f5 (20. Bc2 $1 $11 {keeps the balance.}) 20... Ng5 $17 {[%emt 0:00:58] And now ...Ng4 would win.} 21. Ne5 {[%emt 0:01:20] Inhibits Ng4.} Bxa4 22. h4 Nge4 (22... Ngh7 {simplifies} 23. g4 Bc6 24. Re2 Rad8) 23. Bxe4 {[%emt 0:03:39] The position is equal.} dxe4 24. Nxe4 Nxe4 25. Rxe4 {[%emt 0:00:17] [#] Threatens to win with f6.} f6 {[%emt 0:03:17] White must now prevent ...Rxe5.} 26. Rfe1 $1 Qd6 27. Ng6 Rxe4 28. Rxe4 Bd7 29. Ne7+ Kh7 30. d5 Re8 31. Qe3 a5 32. g4 Rxe7 33. Rxe7 {[%emt 0:00:05] Strongly threatening g5.} Qxd5 34. g5 Qxf5 {[%emt 0:07:02] Weighted Error Value: White=0.06 (flawless) /Black=0.04 (flawless)} ({Don't play} 34... Bc6 35. g6+ Kh8 36. Qg3 Qd1+ 37. Re1 Qd4+ 38. Qf2 $16) 1/2-1/2

[Event "US Masters 2022"]
[Site "Charlotte"]
[Date "2022.11.27"]
[Round "7.5"]
[White "Beradze, Irakli"]
[Black "Burke, John M"]
[Result "1/2-1/2"]
[ECO "A09"]
[WhiteElo "2494"]
[BlackElo "2580"]
[Annotator "TA"]
[PlyCount "105"]
[EventDate "2022.11.23"]
[EventType "swiss"]
[EventCountry "USA"]
[SourceTitle "playchess.com"]
[Source "ChessBase"]
[SourceQuality "1"]
[TimeControl "5400+30"]

1. Nf3 d5 2. g3 g6 3. c4 dxc4 4. Na3 Bg7 5. Nxc4 c5 (5... Nc6 $5 ) 6. Bg2 {[%emt 0:00:54] A09: Réti Opening: 1 Nf3 d5 2 c4.} Nc6 {[%emt 0:00:06] Inhibits Nfe5.} 7. d3 Nf6 8. O-O {[%emt 0:07:37] The position is equal.} O-O 9. Be3 {[%emt 0:04:25] [#]} Nd5 $146 ({Predecessor:} 9... b6 10. Nfe5 Nxe5 11. Nxe5 Be6 12. Bxa8 Qxa8 13. Nf3 Bg4 14. Rc1 Bxf3 15. exf3 Rd8 {1-0 (36) Fedoseev,V (2662)-Anand,V (2785) Dubai 2014}) 10. Bxc5 b6 $1 {[%emt 0:00:46][%cal Bb7b6,Bb6b5,Bb5b4][%mdl 32] Inhibits d4.} 11. e4 Nc7 12. Be3 {[%emt 0:00:16] And now d4 would win.} b5 {[%emt 0:00:04] Inhibits d4.} 13. Ncd2 {[%emt 0:00:03] Strongly threatening Rc1.} Bxb2 (13... Qxd3 $11 {remains equal.} 14. Rc1 Bb7) 14. Rb1 $16 Bg7 15. Nb3 (15. Qc2 $16 Bd7 16. d4) 15... b4 $1 $11 16. Rc1 Bd7 17. d4 Nb5 18. e5 (18. Qd3 $11 Nc3 19. Bd2) 18... Nc3 $15 19. Qd2 Na5 {[%emt 0:04:03] Against a3} (19... Be6 {with more complications.} 20. Nc5 Bd5 21. a3 a5) 20. Nxa5 Qxa5 21. Rc2 Rac8 22. Rb2 Be6 23. Ng5 Bc4 (23... Nxa2 $2 24. Nxe6 Nc3 25. Nxf8 Kxf8 26. f4 $18) (23... Bxa2 24. Ra1 $16) 24. Ra1 Rfd8 $1 25. Qe1 Qa3 ({Much less strong is} 25... Nxa2 26. Qb1 $18 (26. Qd2 Bxe5 27. Bf1 Bxf1 $11)) 26. Rc2 Nxa2 (26... h6 $1 $19 27. Nh3 Nxa2) 27. Rxc4 $17 Rxc4 28. Nxf7 Kxf7 29. Qe2 Qb3 30. Rxa2 $15 Rc7 ({Don't play} 30... Qb1+ 31. Bf1 Rc7 32. Rb2 $14) (30... Rcxd4 $1 $17 31. Bxd4 Rxd4) 31. Be4 $11 {[%emt 0:01:21] Prevents Qb1+. A strong pair of Bishops.} Qe6 (31... Kg8 $15) 32. Ra6 {[%emt 0:03:52][%mdl 1024] White has compensation.} Qc4 33. Qf3+ Kg8 34. Rd6 $36 {[%emt 0:00:03][%mdl 2112] White has good play. Really sharp!} Rf8 (34... Rxd6 $2 35. exd6 e6 36. dxc7 $18) (34... exd6 $14 35. Bd5+ Qxd5 36. Qxd5+ Kh8) 35. Bd5+ $18 Kh8 36. Rf6 exf6 (36... Rxf6 $2 37. exf6 Bxf6 38. Bxc4 $18) 37. Bxc4 Rxc4 38. Qd5 Rcc8 39. e6 a5 40. Qb3 {[%emt 0:02:06] Prevents a4. Threatens to win with d5. White is more active.} ({Don't do} 40. Qxa5 b3 41. Qa3 Rb8 $14) 40... Rfd8 {[%emt 0:02:46] [#]} (40... Ra8 $16) 41. d5 $1 {[%emt 0:00:45] aiming for e7.} a4 $2 (41... Bf8 42. Bb6 Re8) 42. Qxa4 {[%emt 0:01:21] Black must now prevent e7.} Rxd5 43. e7 {[%emt 0:00:18] Inhibits Bf8.} Re5 {[%emt 0:00:03] Against e8Q+} 44. Qxb4 (44. Qd7 $18 Rg8 45. Bd4 Re1+ 46. Kg2) 44... Re8 (44... h5 $16 45. h4 Re8) 45. Bc5 h5 $2 (45... Bh6 {is a better defense.} 46. f4 Re6) 46. Kf1 $2 (46. Qd4 $18 {and White stays clearly on top.}) 46... Re6 $2 {[%emt 0:00:55][%mdl 8192] [#]} (46... f5 $16 {is a better chance.} 47. Qb6 Kh7) 47. Qb3 $2 (47. g4 $1 $18 {[%cal Rg4h5] and the rest is easy.} hxg4 48. Qxg4 R8xe7 49. Bxe7 Rxe7 50. Qxg6) 47... R6xe7 {[%emt 0:00:07] White is better.} 48. Bxe7 Rxe7 $16 {[%emt 0:00:02] KQ-KRB} 49. h3 f5 50. Qd5 {[%emt 0:00:26] Qd8+ is the strong threat.} Kh7 51. g4 hxg4 52. hxg4 fxg4 53. Qg2 {[%emt 0:00:14] Never resign too early!   Weighted Error Value: White=0.38/Black=0.53} 1/2-1/2

[Event "US Masters 2022"]
[Site "Charlotte"]
[Date "2022.11.27"]
[Round "7.6"]
[White "Hambleton, Aman"]
[Black "Amburgy, Ryan"]
[Result "1-0"]
[ECO "A45"]
[WhiteElo "2437"]
[BlackElo "2175"]
[Annotator "TA"]
[PlyCount "197"]
[EventDate "2022.11.23"]
[EventType "swiss"]
[EventCountry "USA"]
[SourceTitle "playchess.com"]
[Source "ChessBase"]
[SourceQuality "1"]
[TimeControl "5400+30"]

1. d4 Nf6 2. Bf4 c5 3. e3 cxd4 4. exd4 Qb6 5. Nc3 a6 6. a3 {[%emt 0:02:03] A45: Trompowsky Attack.} d5 7. Be2 {[%emt 0:33:40] Against Bg4} Bf5 (7... Qxb2 $2 8. Na4 $18) 8. Nf3 {[%emt 0:01:04] The position is equal.} Nbd7 (8... Qxb2 $2 9. Na4 Bxc2 10. Nxb2 $18) 9. Rb1 e6 {[%emt 0:03:29] [#]} 10. Nh4 $146 ({Predecessor:} 10. O-O Rc8 11. Re1 Be7 12. h3 Ne4 13. Bd3 Qc6 14. Bxe4 Bxe4 15. Nxe4 dxe4 16. Ne5 Nxe5 17. dxe5 {½-½ (60) Srinath,R (2278)-Gajic,M (2362) Novi Sad 2018}) 10... Bg6 11. O-O Rc8 12. g3 Qc6 13. Nxg6 hxg6 14. Bd3 Be7 (14... Bd6 $5 ) 15. Ne2 Nb6 16. Kg2 Nc4 17. Ng1 {[%emt 0:03:45] Inhibits g5.} Ne4 18. c3 (18. Qe2 {keeps more tension.} g5 19. Bc1 Kf8 20. c3) 18... Bf6 ({Black should try} 18... e5 $11 19. Bc1 exd4 20. cxd4 O-O) 19. Qe2 $14 O-O 20. Rbe1 (20. Rfe1 $1 $16) 20... Rfe8 (20... g5 $11 {keeps the balance.} 21. Bc1 Rfe8) 21. Nf3 (21. f3 $16 Ned6 22. Bxd6 Qxd6 23. f4) 21... g5 $11 22. Bc1 g4 23. Ng1 e5 24. Bxc4 Qxc4 (24... exd4 {is interesting.} 25. Bd3 Nxg3 26. hxg3 Rxe2 27. Nxe2 dxc3 28. Nxc3 Bxc3 29. bxc3 d4+) 25. dxe5 {[%emt 0:00:31] Strongly threatening Qxc4.} Qxe2 26. Rxe2 Rxe5 27. Rd1 Rd8 28. Be3 (28. Rde1 {simplifies} Ree8 29. h3 gxh3+ 30. Nxh3 Nd6 31. Rxe8+ Nxe8 32. Nf4) 28... Re6 29. h3 Bxc3 30. bxc3 {[%emt 0:00:29] And now Rb2 would win.} Nxc3 31. Bg5 $1 gxh3+ 32. Kxh3 Rxe2 33. Nxe2 Nxd1 34. Bxd8 {[%emt 0:00:05] Black must now prevent Bb6.} Nxf2+ 35. Kg2 Ne4 36. Nf4 $1 Nc3 37. Ba5 Nb1 38. Bb4 (38. Nxd5 $6 Nxa3 39. Kf3 f6 $14) ({Better is} 38. a4) 38... a5 $16 39. Bc5 Nc3 (39... d4 $16 {keeps fighting.}) 40. Bd4 $1 $18 Nb5 {[%emt 0:00:25] [#]} 41. Bb2 {[%emt 0:00:08] White is more active.} Nc7 (41... d4 $16 {might work better.} 42. Kf3 Kh7) 42. Be5 Nb5 43. a4 (43. Nxd5 $6 Nxa3 44. Nb6 Nb5 $14) 43... Na7 (43... Na3 $142 44. Bc7 d4 45. Bxa5 b5) 44. Bd4 (44. Nxd5 $6 b5 45. axb5 Nxb5 $16) 44... Nc6 {[%emt 0:00:12] [#]} 45. Bb6 d4 46. Nd3 f5 $2 (46... Nb4 {was called for.}) 47. Nc5 g5 (47... d3 $142 48. Kf2 (48. Nxb7 $2 d2 $19) 48... Kf7 49. Nxb7 Ne5 50. Bxa5 Ke6) 48. Nxb7 d3 {[%emt 0:00:01] Hoping for ...d2.} 49. Kf2 (49. Nxa5 $2 d2 50. Nxc6 d1=Q $19) (49. Bxa5 $2 Nxa5 50. Kf3 Nxb7 $19) 49... f4 50. gxf4 (50. Nxa5 fxg3+ 51. Ke1 (51. Kxg3 $2 d2 $19) 51... Nxa5 52. Bxa5 Kf7 $18) 50... gxf4 51. Bxa5 ({Weaker is} 51. Nxa5 d2 52. Ke2 (52. Nxc6 $2 d1=Q $19) 52... Nxa5 $11) 51... Kf7 52. Bb6 {[%emt 0:00:42] Threatens to win with a5.} ({Don't play} 52. Bd2 Ke6 53. Nc5+ Kd5 54. Nxd3 Kc4 $18) 52... Ke6 (52... Nb4 $142 53. Nc5 Ke7) 53. a5 {[%emt 0:00:31][%cal Ba4a5,Ba5a6][%mdl 32] a6 would kill now.} Kd7 54. a6 Kc8 55. Nd6+ Kb8 56. Nb5 Ka8 57. Ke1 f3 58. Kd2 Kb8 59. Bc5 ({Worse is} 59. Kxd3 Nb4+ 60. Kc4 Nxa6 $11) 59... Kc8 60. Kxd3 Kd7 61. a7 Nxa7 62. Bxa7 Ke7 63. Ke4 Ke6 64. Bf2 Kd7 65. Nd4 Kd6 66. Nxf3 Ke6 67. Bg3 Kf6 68. Be5+ Kg6 69. Kf4 Kf7 70. Nd4 Ke7 71. Kf5 Kd7 72. Kf6 Kc8 73. Ke6 Kb7 74. Kd5 Kc8 75. Kd6 Kb7 76. Bf4 Kb6 77. Bd2 Kb7 78. Ne6 Kb6 79. Nc7 Ka7 80. Be3+ Kb7 81. Bd4 Kc8 82. Kc6 Kd8 83. Bc5 Kc8 84. Ba7 Kd8 85. Nd5 Ke8 86. Kd6 Kf7 87. Ne7 Ke8 88. Ke6 Kd8 89. Bb6+ Ke8 90. Bc7 Kf8 91. Nf5 Ke8 92. Ng7+ Kf8 93. Kf6 Kg8 94. Kg6 Kh8 95. Bd6 Kg8 96. Be7 {[%emt 0:00:06] White mates.} Kh8 97. Nf5 Kg8 98. Nh6+ Kh8 99. Bf6# {[%emt 0:00:08] Weighted Error Value: White=0.08 (flawless) /Black=0.33} 1-0